 Dungeon Crawl Stone Soup version 0.29-a0-841-g116ddc6ace (webtiles) character file.

Game seed: 3471214919249558441

44 par4site the Magician (level 3, -4/22 HPs)
             Began as an Octopode Hedge Wizard on July 14, 2022.
             Slain by a gnoll
             ... wielding a +0 flail
              (14 damage)
             ... on level 2 of the Dungeon on July 15, 2022.
             The game lasted 00:12:44 (2508 turns).

par4site the Magician (Octopode Hedge Wizard)       Turns: 2508, Time: 00:12:44

Health: -4/22      AC:  1    Str:  9    XL:     3   Next: 60%
Magic:  4/7        EV: 13    Int: 16    God:
Gold:   99         SH:  0    Dex: 13    Spells: 5/8 levels left

rFire   . . .      SeeInvis .   j - +0 whip (flame)
rCold   . . .      Faith    .   (no shield)
rNeg    . . .      Spirit   .   b - +0 hat
rPois   .          Reflect  .   (no amulet)
rElec   .          Harm     .   (no ring)
rCorr   .          Rampage  .   (no ring)
Will    .....                   (no ring)
Stlth   +++.......              (no ring)
HPRegen 0.07/turn               (no ring)
MPRegen 0.10/turn               (no ring)
                                (no ring)
                                (no ring)

@: no status effects
A: almost no armour, amphibious, 8 rings, camouflage 1, gelatinous body 1,
(nimble swimmer 1), tentacles
a: no special abilities


You were on level 2 of the Dungeon.
You visited 1 branch of the dungeon, and saw 2 of its levels.

You collected 99 gold pieces.

Inventory:

Hand Weapons
 a - a +0 dagger
 j - a +0 whip of flaming (weapon)
Armour
 b - a +0 hat (worn)
 e - a +0 helmet
Scrolls
 d - 2 scrolls of magic mapping {unknown}
 f - a scroll of fog {unknown}
 h - a scroll of blinking {unknown}
 m - a scroll of fear {unknown}
 n - 2 scrolls of immolation {unknown}
 o - a scroll of identify {unknown}
Potions
 c - a potion of magic
 g - a potion of degeneration {unknown}
 i - a potion of flight {unknown}
 k - a potion of curing {unknown}
 l - a potion of lignification {unknown}


   Skills:
 * Level 0.7 Fighting
 * Level 0.9 Maces & Flails
 + Level 2.2 Dodging
 + Level 3.2 Stealth
 * Level 3.3 Spellcasting
 - Level 1.3 Conjurations
 - Level 1.2 Summonings
 - Level 1.2 Translocations


You had 5 spell levels left.
You knew the following spells:

 Your Spells              Type           Power      Damage    Failure   Level
a - Magic Dart            Conj           24%        1d4       11%         1
b - Shock                 Conj/Air       16%        1d4       14%         1
c - Necrotise             Necr           8%         1d4       19%         1

Your spell library contained the following spells:

 Spells                   Type           Power      Damage    Failure   Level
 Blink                    Tloc           12%        N/A       16%         2
 Call Imp                 Summ           6%         N/A       17%         2
 Slow                     Hex            8%         N/A       19%         1
 Conjure Flame            Conj/Fire      4%         6-21      38%         3
 Mephitic Cloud           Conj/Pois/Air  4%         N/A       41%         3
 Swiftness                Air            2%         N/A       50%         3
 Vampiric Draining        Necr           2%         2d6       50%         3
 Iskenderun's Mystic Bla  Conj/Tloc      6%         2d4       71%         4
 Fulminant Prism          Conj/Hex       2%         3d6       80%         4
 Airstrike                Air            1%         0-2+      88%         4
 Agony                    Necr           2%         N/A       99%         5
 Lee's Rapid Deconstruct  Erth           1%         3d5*      99%         5


Dungeon Overview and Level Annotations

Branches:
Dungeon (2/15)

Altars:


Innate Abilities, Weirdness & Mutations

You cannot wear most types of armour.
You are amphibious.
You can wear up to eight rings at the same time.
Your skin changes colour to match your surroundings (Stealth+).
Your rubbery body absorbs attacks. (AC +1, EV +1)
((You are camouflaged when in or above water. (Stealth+)))
You have tentacles for arms and can constrict up to eight enemies at once.


Message History

You start resting.
Your adder skeleton crumbles into dust!
HP restored.
You see here a rat skeleton.
Found a scroll labelled LUQIDI GEWO.
n - 2 scrolls labelled VEMESU MYGGEL (gained 1) 2 gnolls come into view.
The gnoll shouts!
A gnoll comes into view. It is wielding a +0 halberd.
Casting: Necrotise (safe; 19% risk of failure)
Confirm with . or Enter, or press ? or * to list all spells.
Aiming: Necrotise (safe; 19% risk of failure)
Press: ? - help, Shift-Dir - straight line, f - gnoll
Aim: a gnoll, wielding a +0 flail (chance to affect: 50%)
The gnoll resists with some effort.
The gnoll shouts!
Casting: Necrotise (safe; 19% risk of failure)
Confirm with . or Enter, or press ? or * to list all spells.
Aiming: Necrotise (safe; 19% risk of failure)
Press: ? - help, Shift-Dir - straight line, f/p - gnoll
Aim: a gnoll, wielding a +0 flail (chance to affect: 50%)
The gnoll writhes in agony.
Casting: Necrotise (safe; 19% risk of failure)
Confirm with . or Enter, or press ? or * to list all spells.
Aiming: Necrotise (safe; 19% risk of failure)
Press: ? - help, Shift-Dir - straight line, f/p - gnoll
Aim: a gnoll, wielding a +0 flail (lightly wounded, chance to affect: 50%)
The gnoll resists with some effort.
You closely miss the gnoll. You grab the gnoll. You squeeze the gnoll.
The gnoll is lightly wounded.
You constrict the gnoll, but do no damage.
The gnoll hits you from afar with a +0 spear!
The gnoll escapes!
The gnoll barely misses you.
You hit the gnoll but do no damage. Your grab misses the gnoll.
The gnoll is lightly wounded.
The gnoll hits you from afar with a +0 spear.
The gnoll hits you with a +0 flail!
Ouch! That really hurt!
You die...

..†#.##...........#
.....##.#.........#
.................#
...>.##.##......##
#....##.##......##
...........####..#
...........# ##÷#
.....#.###..####.#
.....#.# ##.....@#
.......#
######g#####
#.....## #gg...#
..#...# #.###.###
.##...# #........
.# ...# ##.......
.# ..# ?......
....... .......


You could see 3 gnolls.

Vanquished Creatures
  An adder (D:2)
  A dart slug (D:1)
  3 bats
  5 endoplasms
  4 giant cockroaches
  3 goblins
  2 hobgoblins (D:1)
  4 kobolds (D:1)
  2 ball pythons (D:1)
  2 frilled lizards
  A rat (D:2)
28 creatures vanquished.

Vanquished Creatures (collateral kills)
  A frilled lizard (D:1)
1 creature vanquished.

Grand Total: 29 creatures vanquished

Notes
Turn   | Place    | Note
-------+----------+-------------------------------------------
     0 | D:1      | par4site the Octopode Hedge Wizard began the quest for the
                  | Orb.
     0 | D:1      | Reached XP level 1. HP: 11/11 MP: 4/4
   261 | D:1      | Reached XP level 2. HP: 7/17 MP: 4/6
   687 | D:1      | Learned a level 1 spell: Shock
   703 | D:1      | Learned a level 1 spell: Necrotise
  1962 | D:1      | Reached XP level 3. HP: 22/22 MP: 5/7
  2508 | D:2      | Slain by a gnoll

Illustrated notes

Levels and vault maps discovered:
D:1:      nzn_arrival_settlement, layout_basic, minmay_stone_trees_small
D:2:      layout_rooms, hangedman_abyss_or_decor_lesser_grid, st_stairs_11

Skill      XL: |  1  2 |
---------------+-------+-----
Stealth        | 3 |  3.2
Fighting       | |  0.7
Maces & Flails | |  0.9
Dodging        | |  2.2
Spellcasting   | |  3.3
Conjurations   | |  1.3
Summonings     | |  1.2
Translocations | |  1.2

Action                   || total
-------------------------++-------
Melee: Dagger            ||    24
       Constrict         ||    11
       Tentacles         ||    11
       Whip              ||    30
 Cast: Magic Dart        ||    13
       Necrotise         ||    11
 Stab: Sleeping          ||     7
Armor: Skin              ||     9
Dodge: Dodged            ||    29

Table legend: (Time is in decaauts)
 A = Elapsed time spent in this place.
 B = Non-inter-level travel time spent in this place.
 C = Inter-level travel time spent in this place.
 D = Time resting spent in this place.
 E = Time spent auto-exploring this place.
 F = Levels seen in this place.
 G = Mean time per level.
                   A        B        C        D        E       F      G
               +--------+--------+--------+--------+--------+-----+--------+
         Total |   2509 |   2509 |      0 |   1494 |    493 |   2 | 1254.5 |
       Dungeon |   2509 |   2509 |      0 |   1494 |    493 |   2 | 1254.5 |
               +--------+--------+--------+--------+--------+-----+--------+

Top non-repeatable levels by time:
     D:1: 2106 daAuts
     D:2: 403 daAuts
